 Dungeon Sprint DCSS version 0.19.3-4-gbf9329e (webtiles) character file.

1446 Kagutsuchi the Carver (level 8, -1/83 HPs)
             Began as a Mottled Draconian Berserker on Jan 27, 2017.
             Was an Elder of Trog.
             Engulfed by a cloud of steam (21 damage)
             ... in the Dungeon (Sprint II: "The Violet Keep of Menkaure").
             The game lasted 00:03:22 (1172 turns).

Kagutsuchi the Carver (Mottled Draconian Berserker) Turns: 1172, Time: 00:03:23

Health: -1/83      AC:  6    Str: 19    XL:     8   Next: 46%
Magic:  8/8        EV: 18    Int:  7    God:    Trog [****..]
Gold:   85         SH:  0    Dex: 14    Spells: 0 memorised, 7 levels left

rFire  . . .     SeeInvis .     b - +4 triple sword (flame)
rCold  . . .     Gourm    .     (armour unavailable)
rNeg   . . .     Faith    .     (shield currently unavailable)
rPois  +         Spirit   .     (helmet restricted)
rElec  .         Reflect  .     (no cloak)
rCorr  .         Harm     .     (no gloves)
MR     .....     NoTele   +     (no boots)
Stlth  +.........               (no amulet)
                                (no ring)
                                (no ring)

@: drained
A: breathe sticky flame splash, unfitting armour, poison resistance, screaming
1, cold-blooded, AC +6
a: Breathe Sticky Flame, Berserk, Trog's Hand, Brothers in Arms, Burn
Spellbooks, Renounce Religion


You were in the Dungeon.
You worshipped Trog.
Trog was greatly pleased with you.
You were not hungry.

You visited 1 branch You collected 729 gold pieces.
You spent 644 gold pieces at shops.

Inventory:

Hand Weapons
 a - a +0 falchion
 b - a +4 triple sword of flaming (weapon)
 k - a +0 trident
Scrolls
 h - a scroll of blinking
Potions
 c - 4 potions of curing
 d - 3 potions of heal wounds
 e - a potion of haste
 f - 2 potions of magic
 g - a potion of berserk rage
Comestibles
 i - a bread ration
 j - a meat ration


   Skills:
 + Level 11.7(11.5) Fighting
 + Level 12.0(11.8) Long Blades
 + Level 10.1(9.9) Dodging


You had 7 spell levels left.
You didn't know any spells.

Dungeon Overview and Level Annotations

Branches:
Dungeon (1/1)

Altars:
Cheibriados
Dithmenos
Elyvilon
Fedhas
Gozag
Kikubaaqudgha
Makhleb
Nemelex Xobeh
Okawaru
Trog
Uskayaw
Vehumet
The Shining One
Lugonu

Shops:
D :==:=%?([![}!!=!

Annotations:
D exclusion: oklob plant, Roxanne


Innate Abilities, Weirdness & Mutations

You can spit globs of burning liquid.
You can ignite nearby creatures when you spit burning liquid.
Your weird mottled scales are hard. (AC +6)
You cannot fit into any form of body armour.
You are cold-blooded and may be slowed by cold attacks.
Your system is resistant to poisons. (rPois)
You occasionally shout uncontrollably at your foes.


Message History

You are engulfed in a cloud of scalding steam.
Found a sparkling altar of Nemelex Xobeh and a blossoming altar of Fedhas.
You are engulfed in a cloud of scalding steam.
Found three altars.
Really walk into a travel-excluded area?
A polar bear comes into view.
The polar bear growls angrily.
Found three altars.
A polar bear comes into view.
The polar bear growls angrily.
Found four altars.
A polar bear comes into view.
There are monsters nearby!
Really walk into a travel-excluded area?
You are engulfed in a cloud of scalding steam.
You are engulfed in a cloud of scalding steam.
* * * LOW HITPOINT WARNING * * *
The polar bear is engulfed in a cloud of scalding steam.
You are engulfed in a cloud of scalding steam.
You die...

≈##.###+###.##..#
≈#.).##.##...#..# .# .#
≈'.#.'.<.'##.+..### .##.#
≈#...##.##...#....###..h##▓
≈##.###†###.##..§...≈h≈≈≈≈≈
≈≈####.#.####≈≈.§...≈#+####
#≈≈≈#.###.#≈≈≈§§≈≈.h≈#_._._
#'#≈##.# ##≈≈≈≈≈≈≈≈.≈#._._.
#.#≈≈##+##§≈≈≈≈§@≈§≈≈#_._._
####≈≈≈≈≈≈§≈≈§§§§§≈§≈#._._.
#'''#+++#≈≈§§§§≈≈≈#.._._
#≈§≈§≈≈§##≈§§###≈≈#..._.
#≈≈≈≈§≈≈≈≈##≈≈# #≈≈#...._
+≈≈.§§8§§.≈≈+§≈# #§§#.....
##≈§§§§§§≈≈##≈≈§≈≈≈§######
##§§§..§.###########≈≈≈≈≈
####+####


You could see 3 polar bears.

Vanquished Creatures
  A siren (D)
  2 hippogriffs (D)
  2 neqoxecs (D)
  4 necrophages (D)
  2 crocodiles (D)
  A hell rat (D)
12 creatures vanquished.

Vanquished Creatures (others)
  A neqoxec (D)
  Menkaure (D)
2 creatures vanquished.

Grand Total: 14 creatures vanquished

Notes
Turn   | Place    | Note
-------+----------+-------------------------------------------
     0 | D        | Kagutsuchi the Draconian Berserker began the quest for the Orb.
     0 | D        | Reached XP level 1. HP: 19/19 MP: 1/1
     1 | D        | Noticed a necrophage
     1 | D        | Noticed a necrophage
     1 | D        | Noticed a necrophage
     1 | D        | Noticed a necrophage
     5 | D        | Killed Menkaure
     5 | D        | Killed a necrophage
     5 | D        | Reached skill level 5 in Long Blades
     5 | D        | Reached skill level 5 in Dodging
     5 | D        | Reached XP level 2. HP: 31/31 MP: 2/2
     5 | D        | Reached XP level 3. HP: 38/38 MP: 3/3
     5 | D        | Reached XP level 4. HP: 45/45 MP: 4/4
     9 | D        | Killed a necrophage
     9 | D        | Reached skill level 6 in Long Blades
     9 | D        | Reached XP level 5. HP: 52/52 MP: 5/5
    16 | D        | Killed a necrophage
    16 | D        | Reached ** piety under Trog
    16 | D        | Reached skill level 7 in Long Blades
    27 | D        | Killed a necrophage
    27 | D        | Reached skill level 8 in Long Blades
    27 | D        | Reached XP level 6. HP: 55/63 MP: 6/6
    55 | D        | Noticed a neqoxec
    56 | D        | Noticed a neqoxec
    70 | D        | Gained mutation: You are weak. (Str -2) [a neqoxec]
    72 | D        | Gained mutation: Your system is resistant to poisons. (rPois) [a neqoxec]
    74 | D        | Killed a neqoxec
    74 | D        | Reached skill level 9 in Long Blades
    79 | D        | Gained mutation: You occasionally shout uncontrollably at your foes. [a neqoxec]
    82 | D        | Lost mutation: You are weak. (Str -2) [a neqoxec]
    86 | D        | Killed a neqoxec
    86 | D        | Reached *** piety under Trog
    86 | D        | Reached skill level 10 in Fighting
    86 | D        | Your scales start taking on a weird mottled colour.
    86 | D        | Reached XP level 7. HP: 62/72 MP: 7/7
   130 | D        | Noticed a siren
   151 | D        | Killed a siren
   151 | D        | Reached skill level 10 in Long Blades
   337 | D        | Noticed a hippogriff
   337 | D        | Noticed a hippogriff
   344 | D        | Killed a hippogriff
   344 | D        | Reached skill level 11 in Long Blades
   344 | D        | Reached XP level 8. HP: 82/82 MP: 8/8
   350 | D        | Killed a hippogriff
   350 | D        | Reached **** piety under Trog
   589 | D        | Found Wisim's Distillery.
   589 | D        | Found Inischyn's Jewellery Emporium.
   589 | D        | Found Birecvof's Distillery.
   589 | D        | Found Baintael's Antique Armour Emporium.
   589 | D        | Found Pyruh Xasov's Antique Weapon Shoppe.
   589 | D        | Found Cyowoinau's Gadget Shoppe.
   589 | D        | Found Vehiaguh's Magic Scroll Emporium.
   590 | D        | Found Zueluczy's Food Emporium.
   590 | D        | Found Ontipnir's Jewellery Shoppe.
   590 | D        | Found Cepoisu's Book Emporium.
   590 | D        | Found Obautoul's Distillery.
   590 | D        | Found Zeshrarch's Distillery.
   590 | D        | Found Iloirch's Antique Armour Emporium.
   611 | D        | Reached skill level 10 in Dodging
   612 | D        | Found Baloigh's Jewellery Shoppe.
   612 | D        | Found Ruimp's Jewellery Emporium.
   612 | D        | Noticed a shining eye
   613 | D        | Noticed a shining eye
   613 | D        | Noticed a shining eye
   613 | D        | Noticed an oklob plant
   619 | D        | Found Celiw's Book Shoppe.
  1009 | D        | Bought a potion of heal wounds for 50 gold pieces
  1009 | D        | Bought a potion of curing for 30 gold pieces
  1009 | D        | Bought a potion of curing for 30 gold pieces
  1009 | D        | Bought a potion of might for 40 gold pieces
  1016 | D        | Bought a glowing triple sword for 272 gold pieces
  1023 | D        | Bought a bread ration for 55 gold pieces
  1023 | D        | Bought a meat ration for 55 gold pieces
  1025 | D        | Bought a potion of heal wounds for 70 gold pieces
  1025 | D        | Bought a potion of curing for 42 gold pieces
  1041 | D        | Reached skill level 12 in Long Blades
  1152 | D        | Noticed Roxanne
  1164 | D        | Found an opulent altar of Gozag.
  1164 | D        | Found an iron altar of Okawaru.
  1165 | D        | Found a sparkling altar of Nemelex Xobeh.
  1165 | D        | Found a blossoming altar of Fedhas.
  1167 | D        | Found a burning altar of Makhleb.
  1167 | D        | Found a white marble altar of Elyvilon.
  1167 | D        | Found a radiant altar of Vehumet.
  1168 | D        | Found a corrupted altar of Lugonu.
  1168 | D        | Found a hide-covered altar of Uskayaw.
  1168 | D        | Found a shadowy altar of Dithmenos.
  1168 | D        | Noticed a polar bear
  1169 | D        | Noticed a polar bear
  1169 | D        | Found a bloodstained altar of Trog.
  1169 | D        | Found an ancient bone altar of Kikubaaqudgha.
  1169 | D        | Found a glowing golden altar of the Shining One.
  1169 | D        | Found a snail-covered altar of Cheibriados.
  1170 | D        | Noticed a polar bear
  1172 | D        | Engulfed by a cloud of steam

Skill      XL: |  1  2  3  4  5  6  7  8 |
---------------+-------------------------+-----
Fighting       | 6 7 9 10 11 | 11.7
Long Blades    | 5 6 8 9 11 12 | 12.0
Dodging        | 5 6 7 8 9 10 | 10.1

Action                   |  1- 3 |  4- 6 |  7- 9 || total
-------------------------+-------+-------+-------++-------
Melee: Falchion          |     3 |    50 |    56 ||   109
       Tailslap          |       |    15 |    10 ||    25
       Triple sword      |       |       |     4 ||     4
Invok: Berserk           |     1 |       |     1 ||     2
  Use: Potion            |       |       |     1 ||     1
  Eat: Bread ration      |       |       |     1 ||     1
Armor: Skin              |       |    14 |     2 ||    16
Dodge: Dodged            |     2 |    36 |    20 ||    58
       Rpst.: Falchion   |     1 |     7 |     3 ||    11
       Triple sword      |       |       |     1 ||     1
